Map: Whirlwind LE (Void)

Players

lIIllllIIlll (INnoVation) - Winner!

  • Race: Terran Terran
  • League: Diamond
  • Spawn Location: 1:00

ShoWTimE

  • Race: Protoss Protoss
  • League: Master
  • Spawn Location: 11:00

Event: NationWars IV

VOD

Have the link to the VOD?

Description

Time

  • Played on: Jan. 21, 2017, 2:34 p.m.
  • Length: 11:30

All games in this series

Show
View Real Time Build Order
Export as new Build Order

lIIllllIIlll Terran - Winner!

Build Orders: Reaper Expand, MMM Bio 

Get SALT Encoding   

  12  0:00  SCV  
  13  0:12  SCV  
  14  0:17  Supply Depot  
  14  0:25  SCV  
  14  0:28  Refinery  
  15  0:38  SCV  
  16  0:44  Barracks  
  16  0:50  SCV  
  17  1:02  SCV  
  18  1:15  SCV  
  19  1:33  Orbital Command, Reaper  
  20  1:43  Command Center  
  20  1:53  Factory  
  20  1:58  SCV  
  21  2:03  Refinery  
  21  2:06  Barracks Reactor  
  21  2:11  SCV  
  22  2:16  Supply Depot  
  22  2:23  SCV  
  23  2:37  SCV  
  23  2:38  Starport  
  23  2:40  Widow Mine  
  23  2:42  Marine x2  
  28  2:49  SCV  
  29  2:54  Orbital Command  
  29  3:00  Marine x2  
  29  3:01  SCV  
  32  3:09  Widow Mine  
  34  3:15  Medivac  
  34  3:18  SCV  
  36  3:20  Marine, SCV  
  36  3:21  Marine  
  36  3:26  Supply Depot  
  39  3:30  SCV  
  39  3:32  SCV  
  41  3:35  Barracks  
  41  3:38  Factory Tech Lab  
  41  3:40  Marine  
  41  3:41  Marine  
  43  3:46  SCV x2  
  45  3:49  Supply Depot  
  45  3:58  Marine x2, SCV  
  45  3:59  SCV  
  45  4:02  Siege Tank  
  52  4:11  SCV x2, Engineering Bay  
  54  4:19  Marine x2  
  54  4:23  Supply Depot  
  56  4:25  SCV x2  
  56  4:27  Barracks Tech Lab  
  58  4:31  Barracks  
  58  4:37  Siege Tank  
  61  4:39  SCV  
  61  4:42  Supply Depot  
  61  4:45  SCV  
  63  4:46  Terran Infantry Weapons Level 1  
  63  4:48  Stimpack  
  63  4:51  Marine x3  
  65  4:53  SCV  
  65  4:57  SCV  
  67  5:05  Starport Reactor, SCV  
  68  5:07  Supply Depot  
  68  5:09  Marine x3, SCV  
  68  5:10  Refinery  
  72  5:14  Refinery  
  72  5:17  Factory Reactor  
  72  5:19  SCV  
  73  5:21  SCV  
  73  5:26  Marine  
  73  5:27  Combat Shields, Marine x3  
  78  5:31  Supply Depot  
  78  5:32  SCV  
  78  5:33  SCV  
  80  5:39  Supply Depot  
  80  5:42  Medivac  
  80  5:43  Medivac  
  80  5:47  SCV x2  
  80  5:49  Marine  
  86  5:51  Supply Depot  
  86  5:52  Marine x3  
  86  5:53  Widow Mine x2  
  86  5:55  Missile Turret  
  93  5:57  Liberator  
  93  5:58  Missile Turret  
  93  6:00  Liberator  
  92  6:07  Marine  
  92  6:08  SCV x2  
  92  6:10  Marine x3  
  104  6:21  Supply Depot, Widow Mine  
  104  6:22  Widow Mine  
  108  6:28  Marine x2  
  108  6:29  Marine  
  108  6:30  Marine  
  108  6:35  Supply Depot  
  108  6:40  Terran Infantry Armor Level 1  
  108  6:46  Marine x2  
  110  6:47  Marine  
  110  6:48  Marine  
  110  6:52  Widow Mine x2  
  113  6:55  SCV x2  
  111  7:04  Marine x2  
  111  7:05  Marine  
  111  7:06  Marine  
  111  7:09  Medivac x2  
  112  7:21  Marine  
  112  7:22  Marine, Liberator x2  
  105  7:23  Marine, Widow Mine x2  
  105  7:24  Marine  
  93  7:39  Marine x2  
  93  7:41  Marauder  
  93  7:42  Marauder  
  94  7:53  Widow Mine x2  
  94  7:54  Command Center  
  94  7:57  Marine x2  
  100  8:03  Marauder  
  100  8:04  Marauder, Concussive Shells, Liberator  
  100  8:05  Liberator  
  104  8:06  Barracks  
  104  8:07  Barracks  
  104  8:12  SCV x2  
  106  8:15  Marine x2  
  108  8:23  Supply Depot  
  108  8:26  Marauder x2  
  118  8:29  SCV x2  
  118  8:33  Marine x2  
  122  8:40  Widow Mine x2  
  126  8:45  SCV x2  
  126  8:47  Supply Depot  
  126  8:48  Liberator  
  128  8:49  Liberator  
  128  8:54  Barracks Tech Lab  
  128  8:55  Marauder x2, Marine x2, Barracks Reactor  
  135  9:10  Widow Mine  
  135  9:12  Orbital Command, SCV x2  
  135  9:13  Refinery  
  135  9:14  Refinery  
  135  9:15  Supply Depot  
  138  9:20  Marauder x2  
  138  9:21  Marauder  
  138  9:22  Marine  
  127  9:31  Liberator x2  
  119  9:32  Marine  
  119  9:34  Marine  
  110  9:40  Widow Mine x2  
  110  9:42  Marauder x3  
  116  9:59  Marine x4  
  118  10:03  Marauder x3, SCV x2  
  125  10:07  SCV  
  125  10:11  Widow Mine x2  
  129  10:15  SCV x2  
  129  10:19  SCV  
  132  10:22  Armory  
  132  10:31  Medivac x2  
  136  10:37  Marauder x3  
  136  10:39  Widow Mine x2  
  136  10:40  Engineering Bay  
  146  10:43  Marine x3  
  146  10:44  Marine  
  146  10:45  Orbital Command  
  140  11:06  Marauder x3  
  140  11:08  Marine  
  140  11:09  Marine x3  
Show
View Real Time Build Order
Export as new Build Order

ShoWTimE Protoss 

Build Orders: 1 Gate Expand, Oracle Opening, Phoenix Opening 

Get SALT Encoding   

  12  0:01  Probe (Chrono Boost)  
  13  0:11  Probe (Chrono Boost)  
  14  0:17  Pylon  
  14  0:22  Probe (Chrono Boost)  
  16  0:35  Probe (Chrono Boost)  
  16  0:36  Gateway  
  16  0:42  Assimilator  
  16  0:46  Probe (Chrono Boost)  
  17  0:56  Probe (Chrono Boost)  
  18  1:07  Probe (Chrono Boost)  
  19  1:19  Nexus  
  19  1:22  Probe (Chrono Boost)  
  20  1:33  Cybernetics Core  
  20  1:35  Probe (Chrono Boost)  
  21  1:41  Assimilator  
  21  1:45  Probe (Chrono Boost)  
  22  1:51  Pylon  
  22  1:56  Probe (Chrono Boost)  
  23  2:05  Adept  
  23  2:09  Warp Gate  
  23  2:10  Probe (Chrono Boost)  
  27  2:23  Probe (Chrono Boost)  
  27  2:31  Adept, Stargate  
  27  2:32  Probe (Chrono Boost)  
  27  2:35  Probe (Chrono Boost)  
  31  2:42  Probe (Chrono Boost)  
  32  2:47  Probe (Chrono Boost)  
  33  2:53  Mothership Core (Chrono Boost)  
  33  2:57  Probe (Chrono Boost)  
  36  2:59  Pylon  
  36  3:08  Probe (Chrono Boost), Gateway  
  36  3:11  Probe (Chrono Boost), Gateway  
  38  3:16  Oracle  
  39  3:20  Probe (Chrono Boost)  
  39  3:25  Probe (Chrono Boost)  
  43  3:28  Adept  
  43  3:33  Probe (Chrono Boost), Assimilator  
  46  3:36  Probe (Chrono Boost)  
  46  3:40  Pylon  
  47  3:45  Probe (Chrono Boost)  
  47  3:46  Probe (Chrono Boost)  
  49  3:49  Phoenix  
  51  3:57  Probe x2 (Chrono Boost), Pylon  
  53  4:07  Probe (Chrono Boost)  
  53  4:09  Probe (Chrono Boost)  
  55  4:12  Phoenix  
  57  4:18  Probe (Chrono Boost)  
  57  4:21  Probe (Chrono Boost)  
  57  4:22  Pylon  
  59  4:28  Probe (Chrono Boost)  
  59  4:30  Nexus  
  60  4:33  Probe (Chrono Boost)  
  61  4:38  Assimilator  
  61  4:39  Probe (Chrono Boost)  
  61  4:44  Robotics Facility  
  63  4:46  Probe (Chrono Boost)  
  63  4:47  Phoenix  
  63  4:49  Probe (Chrono Boost)  
  66  4:58  Probe (Chrono Boost)  
  64  5:00  Probe (Chrono Boost), Pylon  
  64  5:05  Twilight Council  
  65  5:07  Forge  
  65  5:10  Probe (Chrono Boost), Phoenix  
  65  5:12  Sentry  
  70  5:18  Probe (Chrono Boost)  
  72  5:22  Probe (Chrono Boost)  
  73  5:29  Probe (Chrono Boost), Resonating Glaives  
  73  5:30  Protoss Ground Weapons Level 1, Observer  
  73  5:34  Probe (Chrono Boost), Pylon  
  73  5:35  Adept x3  
  79  5:37  Phoenix  
  79  5:41  Probe (Chrono Boost)  
  84  5:47  Probe (Chrono Boost)  
  84  5:48  Probe (Chrono Boost)  
  86  5:53  Probe (Chrono Boost)  
  87  5:59  Gateway  
  87  6:01  Gateway  
  87  6:06  Gateway  
  87  6:13  Gateway  
  87  6:16  Immortal  
  87  6:17  Gateway  
  87  6:23  Phoenix  
  87  6:25  Pylon  
  93  6:28  Pylon  
  93  6:32  Adept x3  
  99  6:35  Pylon  
  99  6:36  Pylon  
  99  6:43  Pylon  
  99  6:50  Immortal  
  99  6:55  Adept x2  
  99  6:56  Adept  
  99  6:59  Adept x2  
  111  7:06  Phoenix  
  111  7:07  Adept  
  115  7:09  Pylon  
  115  7:22  Adept x2  
  109  7:23  Adept x4  
  87  7:31  Phoenix  
  87  7:33  Adept  
  83  7:43  Stalker x5  
  89  7:45  Adept  
  89  7:48  Protoss Ground Armor Level 1  
  89  7:50  Pylon  
  91  7:51  Adept, Pylon  
  91  7:52  Immortal  
  91  7:56  Phoenix  
  101  8:05  Assimilator  
  101  8:07  Probe (Chrono Boost)  
  100  8:14  Photon Cannon  
  100  8:15  Adept x4  
  100  8:16  Adept x2  
  112  8:20  Adept  
  112  8:21  Zealot  
  116  8:27  Assimilator  
  116  8:30  Observer  
  116  8:33  Pylon  
  116  8:43  Adept x2  
  116  8:44  Adept x6  
  134  8:50  Probe x2 (Chrono Boost)  
  134  8:52  Pylon  
  134  8:53  Phoenix  
  136  9:00  Pylon  
  136  9:02  Pylon  
  136  9:05  Stalker  
  136  9:06  Adept, Stalker  
  134  9:11  Adept x2  
  138  9:19  Adept  
  138  9:20  Adept x2  
  108  9:27  Adept  
  108  9:28  Immortal  
  108  9:30  Adept  
  108  9:31  Adept  
  82  9:40  Adept  
  82  9:41  Adept x2  
  82  9:42  Adept  
  88  9:47  Adept  
  88  9:48  Adept  
  88  9:52  Adept x2  
  90  10:02  Immortal  
  94  10:07  Stalker x2  
  94  10:12  Sentry  
  94  10:13  Stalker, Sentry  
  104  10:15  Phoenix  
  104  10:20  Adept  
  104  10:21  Adept  
  110  10:32  Stalker x3  
  116  10:39  Adept  
  116  10:40  Adept x2  
  122  10:43  Adept x2  
  126  10:52  Pylon  
  94  11:05  Adept x5  
  94  11:06  Adept x2  
  94  11:11  Adept  
Tags
 
Add a new tag
Caveats
  • Supply blocks, unpowered buildings, or Contaminate may cause inaccurate times.
  • Supply counts are checked every 10 seconds.